 Dungeon Crawl Stone Soup version 0.21-a0-426-g98080a9 (webtiles) character file.

9898 tilp the Thaumaturge (level 11, -21/66 HPs)
             Began as a Deep Elf Fire Elementalist on Nov 5, 2017.
             Was a Priest of Vehumet.
             Killed from afar by a gargoyle (32 damage)
             ... with a stone arrow
             ... on level 10 of the Dungeon.
             The game lasted 00:35:47 (12076 turns).

tilp the Thaumaturge (Deep Elf Fire Elementalist)  Turns: 12076, Time: 00:35:48

Health: -21/66     AC:  8    Str:  5    XL:     11   Next: 29%
Magic:  29/37      EV: 14    Int: 29    God:    Vehumet [***...]
Gold:   455        SH:  0    Dex: 15    Spells: 10/32 levels left

rFire    . . .     SeeInvis .   a - +9 flail of Asawu {crush, MP+9 Int+5}
rCold    . . .     Gourm    .   (no shield)
rNeg     . . .     Faith    .   D - +1 leather armour {rPois}
rPois    +         Spirit   .   (no helmet)
rElec    .         Reflect  .   M - +0 cloak
rCorr    +         Harm     .   o - +2 pair of gloves
MR       +....                  (no boots)
Stlth    +++.......             (no amulet)
HPRegen  0.21/turn              A - ring of stealth
MPRegen  0.25/turn              L - ring of resist corrosion

@: about to teleport
A: no striking features
a: Renounce Religion


You were on level 10 of the Dungeon.
You worshipped Vehumet.
Vehumet was most pleased with you.
You were not hungry.

You visited 2 branches of the dungeon, and saw 11 of its levels.

You collected 455 gold pieces.

Inventory:

Hand Weapons
 a - the +9 flail of Asawu (weapon) {crush, MP+9 Int+5}
   (You found it on level 4 of the Dungeon)

   It inflicts extra damage upon your enemies.
   It affects your intelligence (+5).
   It affects your magic capacity (+9).
 n - a +0 whip of electrocution
 S - a +2 scimitar of flaming
 T - a +0 flail
 U - a cursed -2 scimitar
Missiles
 x - 2 javelins (quivered)
 y - 13 tomahawks
 G - 4 throwing nets
 Y - 4 poisoned tomahawks
Armour
 o - a +2 pair of gloves (worn)
 D - a +1 leather armour of poison resistance (worn)
 J - a +4 ring mail of fire resistance
 M - a +0 cloak (worn)
 V - a +1 chain mail of poison resistance
Magical Staves
 P - an uncursed staff of fire {unknown}
Jewellery
 r - a +1 ring of slaying {unknown}
 A - a ring of stealth (left hand)
 C - an uncursed ring of fire {unknown}
 L - a ring of resist corrosion (right hand)
 N - an uncursed ring of protection from cold
 Q - a +2 amulet of reflection {unknown}
Wands
 m - a wand of clouds (2/9)
 R - a wand of iceblast (4/15)
Scrolls
 b - a scroll of magic mapping {unknown}
 e - a scroll of teleportation
 g - 3 scrolls of noise {unknown}
 h - a scroll of random uselessness {unknown}
 i - a scroll of blinking {unknown}
 l - 3 scrolls of immolation {unknown}
 s - 5 scrolls of remove curse
 t - 2 scrolls of amnesia {unknown}
 B - a scroll of fear {unknown}
 K - a scroll of recharging {unknown}
Potions
 f - 4 potions of curing
 p - 2 potions of flight {unknown}
 q - a potion of heal wounds
 u - a potion of degeneration {unknown}
 v - 2 potions of might
 z - 2 potions of magic
 E - 2 potions of agility
 F - a potion of mutation {unknown}
 H - a potion of lignification {unknown}
 O - a potion of invisibility {unknown}
 X - a potion of brilliance {unknown}
Books
 w - a book of Flames

   Spells                             Type                      Level
   a - Flame Tongue                   Conjuration/Fire             1
   b - Throw Flame                    Conjuration/Fire             2
   c - Conjure Flame                  Conjuration/Fire             3
   d - Inner Flame                    Hexes/Fire                   3
   e - Sticky Flame                   Conjuration/Fire             4
   f - Fireball                       Conjuration/Fire             5
 I - a book of Party Tricks

   Spells                             Type                      Level
   a - Summon Butterflies             Summoning                    1
   b - Apportation                    Translocation                1
   c - Lesser Beckoning               Translocation                3
   d - Tukima's Dance                 Hexes                        3
   e - Alistair's Intoxication        Transmutation/Poison         5
   f - Invisibility                   Hexes                        6
 W - a book of Cantrips

   Spells                             Type                      Level
   a - Confusing Touch                Hexes                        1
   b - Animate Skeleton               Necromancy                   1
   c - Summon Small Mammal            Summoning                    1
   d - Apportation                    Translocation                1
Comestibles
 c - 3 bread rations
 d - 5 royal jellies
 j - 4 fruits
 k - 7 meat rations
 Z - 8 chunks of flesh


   Skills:
 + Level 6.8 Fighting
   Level 2.0 Short Blades
 + Level 4.9 Dodging
 - Level 2.4 Stealth
 + Level 11.4 Spellcasting
 - Level 10.0 Conjurations
 - Level 10.0 Fire Magic


You had 10 spell levels left.
You knew the following spells:

 Your Spells              Type           Power        Failure   Level  Hunger
a - Flame Tongue          Conj/Fire      #####        1%          1    None
b - Throw Flame           Conj/Fire      ######       1%          2    None
c - Conjure Flame         Conj/Fire      ######..     1%          3    None
d - Sticky Flame          Conj/Fire      ######..     1%          4    None
e - Fireball              Conj/Fire      ######....   1%          5    ###....
f - Freeze                Ice            ###.         1%          1    None
g - Apportation           Tloc           ###...       5%          1    None
h - Summon Butterflies    Summ           ###.....     5%          1    None
i - Animate Skeleton      Necr           N/A          5%          1    None
j - Ignite Poison         Fire/Tmut/Pois #####...     1%          3    None


Dungeon Overview and Level Annotations

Branches:
Dungeon (10/15)            Temple (1/1) D:5            Lair (0/6) D:10
    Orc: D:9-12

Altars:
Ashenzari
Cheibriados
Dithmenos
Elyvilon
Fedhas
Gozag
Hepliaklqana
Kikubaaqudgha
Makhleb
Nemelex Xobeh
Okawaru
Qazlal
Ru
Sif Muna
Trog
Uskayaw
Vehumet
Wu Jian
Xom
Yredelemnul
Zin
The Shining One
Jiyva

Annotations:
D:7 freezing cloud vault
D:10 sergedm's ghost, novice DECj


Message History

Here: a plant The floor.
Sergedm's ghost hits the plant but does no damage.
Sergedm's ghost hits the plant.
Sergedm's ghost hits the plant.
A gargoyle comes into view. It is wielding a flail.
The gargoyle hits you with a flail!!
You sock the gargoyle!
The gargoyle is heavily damaged.
The gargoyle hits you with a flail!!
* * * LOW HITPOINT WARNING * * *
As you read the scroll of teleportation, it crumbles to dust.
You feel strangely unstable.
Your surroundings seem slightly different.
As you read the scroll of teleportation, it crumbles to dust.
You feel strangely unstable.
Sergedm's ghost hits the plant but does no damage.
The gargoyle hurls a stone arrow at you.
The stone arrow hits you!
You die...

. .# . .# ## .+ ..
...#.. .# ... ##.#.###)#
.. .....#.<.# #.####
##.....### #....#
#......###### ###.#
#......##...#######...##
#......##..#...≈@..#...#
#...).)##....#...#.9...#
#....))##...##P./##....#
#......'..#..PP.P...#..#
#......#..#≈.WP>PP.≈#..+
###+#####.#...PPPP..#..#
#...##.PP##...##
#....#...# ...#
#..#...≈...#..#


You could see a gargoyle and sergedm's ghost.

Vanquished Creatures
  Harold (D:10)
  Erica (D:9)
  A two-headed ogre (D:8)
  Pikel (D:6)
  A deep elf mage (D:9)
  Maurice (D:8)
  A troll (D:10)
  Grinder (D:6)
  Prince Ribbit (D:5)
  A hippogriff (D:9)
  Sigmund (D:5)
  The ghost of karf the Gusty, an amateur DEAE (D:8)
  Grum (D:9)
  3 black bears
  2 sky beasts
  6 orc warriors
  3 ice beasts
  A necrophage (D:9)
  2 phantoms
  A slave (D:6)
  7 ogres
  3 centaurs
  4 wolves (D:9)
  A big kobold (D:9)
  Blork the orc (D:6)
  3 bullfrogs
  11 killer bees (D:9)
  A scorpion (D:8)
  10 wights
  4 howler monkeys
  2 crimson imps
  2 hounds (D:6)
  A quasit (D:7)
  10 orc priests
  4 jellies
  13 orc wizards
  A centaur skeleton (D:9)
  A bullfrog skeleton (D:7)
  Ijyb (D:4)
  2 iguanas
  2 worker ants
  A hound zombie (D:4)
  3 worker ant zombies
  4 adders
  4 gnolls (D:3)
  A shadow imp (D:6)
  An adder zombie (D:5)
  An ooze (D:1)
  An adder skeleton (D:6)
  A worm (D:4)
  4 dart slugs
  4 leopard geckos
  48 orcs
  4 giant cockroaches
  9 goblins
  9 hobgoblins
  10 jackals
  6 kobolds
  A quokka (D:5)
  2 ball pythons
  3 bats (D:1)
  4 frilled lizards
  A quokka skeleton (D:7)
  A quokka zombie (D:6)
  4 rats
242 creatures vanquished.

Vanquished Creatures (others)
  An ogre (D:7)
  A hound (D:7)
  A jackal (D:4)
  A fungus (D:3)
  A plant (D:10)
5 creatures vanquished.

Grand Total: 247 creatures vanquished

Notes
Turn   | Place    | Note
-------+----------+-------------------------------------------
     0 | D:1      | tilp the Deep Elf Fire Elementalist began the quest for the Orb.
     0 | D:1      | Reached XP level 1. HP: 10/10 MP: 6/6
   308 | D:1      | Reached XP level 2. HP: 12/15 MP: 6/8
   312 | D:1      | Learned a level 2 spell: Throw Flame
  1007 | D:2      | Reached XP level 3. HP: 19/19 MP: 7/10
  1331 | D:2      | Found a shadowy altar of Dithmenos.
  1389 | D:2      | Learned a level 3 spell: Conjure Flame
  1930 | D:2      | Reached skill level 4 in Spellcasting
  1930 | D:2      | Reached XP level 4. HP: 24/24 MP: 3/12
  1936 | D:2      | Learned a level 4 spell: Sticky Flame
  2263 | D:3      | Found an ornate altar of the Wu Jian Council.
  2554 | D:3      | Reached skill level 1 in Short Blades
  2837 | D:3      | Reached XP level 5. HP: 28/28 MP: 7/14
  2922 | D:3      | Found a blossoming altar of Fedhas.
  2924 | D:3      | Found a stormy altar of Qazlal.
  2940 | D:3      | Noticed Sigmund
  3195 | D:3      | Reached skill level 5 in Spellcasting
  3721 | D:4      | Found a snail-covered altar of Cheibriados.
  3721 | D:4      | Found a deep blue altar of Sif Muna.
  3813 | D:4      | Found an iron altar of Okawaru.
  3838 | D:4      | Got a jewelled flail
  3839 | D:4      | Identified the +9 flail of Asawu {crush, MP+9 Int+5} (You found it on level 4 of the Dungeon)
  4075 | D:4      | Found a sacrificial altar of Ru.
  4186 | D:4      | Reached XP level 6. HP: 28/33 MP: 16/16
  4216 | D:4      | Found a basalt altar of Yredelemnul.
  4292 | D:4      | Found a white marble altar of Elyvilon.
  4453 | D:5      | Entered Level 5 of the Dungeon
  4464 | D:5      | Noticed Ijyb
  4475 | D:4      | Killed Ijyb
  4475 | D:4      | Reached skill level 1 in Fighting
  4765 | D:5      | Reached skill level 6 in Spellcasting
  4955 | D:5      | Reached skill level 7 in Spellcasting
  4955 | D:5      | Reached XP level 7. HP: 39/39 MP: 19/19
  4966 | D:5      | Reached skill level 8 in Spellcasting
  5214 | D:5      | Noticed Prince Ribbit
  5220 | D:5      | Killed Prince Ribbit
  5220 | D:5      | Reached skill level 9 in Spellcasting
  5370 | D:5      | Found a staircase to the Ecumenical Temple.
  5375 | Temple   | Entered the Ecumenical Temple
  5786 | D:5      | Killed Sigmund
  5786 | D:5      | Reached skill level 10 in Spellcasting
  5786 | D:5      | Reached XP level 8. HP: 19/44 MP: 23/24
  6127 | D:6      | Noticed Pikel
  6277 | D:5      | Learned a level 5 spell: Fireball
  6630 | D:6      | Paralysed by Grinder for 5 turns
  6631 | D:6      | Noticed Grinder
  6638 | D:6      | Killed Grinder
  6638 | D:6      | Reached skill level 5 in Fire Magic
  6644 | D:6      | Reached skill level 5 in Conjurations
  6881 | D:6      | Found a snail-covered altar of Cheibriados.
  6891 | D:6      | Found a radiant altar of Vehumet.
  6897 | D:6      | Became a worshipper of Vehumet
  6901 | D:6      | Noticed Blork the orc
  6906 | D:6      | Killed Blork the orc
  6982 | D:6      | Found an opulent altar of Gozag.
  7053 | D:6      | Killed Pikel
  7053 | D:6      | Reached XP level 9. HP: 46/52 MP: 8/25
  7881 | D:7      | Reached skill level 5 in Fighting
  7913 | D:7      | Reached * piety under Vehumet
  7913 | D:7      | Offered knowledge of Freeze by Vehumet.
  7916 | D:7      | Learned a level 1 spell: Freeze
  9275 | D:8      | Noticed karf's ghost (amateur DEAE)
  9302 | D:8      | Reached XP level 10. HP: 60/60 MP: 26/26
  9355 | D:8      | Noticed Maurice
  9356 | D:8      | Killed karf's ghost
  9479 | D:8      | Noticed a two-headed ogre
  9486 | D:8      | Killed a two-headed ogre
  9507 | D:8      | Killed Maurice
  9743 | D:8      | Learned a level 1 spell: Apportation
  9745 | D:8      | Learned a level 1 spell: Summon Butterflies
 10032 | D:8      | Reached ** piety under Vehumet
 10032 | D:8      | Offered knowledge of Sting by Vehumet.
 10082 | D:8      | Found a glowing golden altar of the Shining One.
 10088 | D:8      | Found a shattered altar of Ashenzari.
 10098 | D:8      | Found an ancient bone altar of Kikubaaqudgha.
 10408 | D:9      | Noticed Grum
 10420 | D:9      | Killed Grum
 10427 | D:9      | Noticed Erica
 10428 | D:9      | Noticed a deep elf mage
 10433 | D:9      | Killed Erica
 10437 | D:9      | Killed a deep elf mage
 10437 | D:9      | Reached skill level 10 in Conjurations
 10437 | D:9      | Reached skill level 10 in Fire Magic
 10902 | D:9      | Reached XP level 11. HP: 64/64 MP: 27/27
 10994 | D:9      | Offered knowledge of Stone Arrow by Vehumet.
 11196 | D:9      | Reached *** piety under Vehumet
 11375 | D:9      | Reached skill level 11 in Spellcasting
 11699 | D:9      | Learned a level 1 spell: Animate Skeleton
 11873 | D:10     | Entered Level 10 of the Dungeon
 11876 | D:10     | Offered knowledge of Ignite Poison by Vehumet.
 11944 | D:10     | Learned a level 3 spell: Ignite Poison
 11949 | D:10     | Found a staircase to the Lair.
 11955 | D:10     | Noticed Harold
 11966 | D:10     | Killed Harold
 12059 | D:10     | Noticed sergedm's ghost (novice DECj)
 12076 | D:10     | Killed from afar by a gargoyle

Vault maps used:
D:1:      onia_arrival_mini_spirals, hangedman_decor_diamond_cutter
D:2:      old_standard_altar
D:3:      grunt_temple_overflow_forces_of_nature, overflow_temple_1_default,
          first_bread, uniq_sigmund
D:4:      kennysheep_ying_yang, minitemple, nicolae_ru_sacrificial_ziggurat,
          glass_columns_b, okawaru_ov_weapons_minmay
D:5:      minmay_temple_entry_nine_rooms, uniq_edmund, uniq_ijyb,
          uniq_prince_ribbit1
D:6:      old_standard_altar, basic_altar, nicolae_gozag_seed_capital,
          uniq_blork_the_orc, uniq_grinder, uniq_pikel
D:7:      lemuel_ice_spiral_2
D:8:      grunt_temple_overflow_diamond, uniq_maurice
D:9:      uniq_grum, uniq_erica
D:10:     dpeg_oklobed_lair, grunt_livestock, kennysheep_generic_room_9,
          uniq_snorg, uniq_harold, uniq_fannar
Temple:   pf_slimified_temple

Skill      XL: |  1  2  3  4  5  6  7  8  9 10 11 |
---------------+----------------------------------+-----
Conjurations   | 2 3 4 6 7 10 | 10.0
Spellcasting   | 4 5 7 10 11 | 11.4
Fire Magic     | 4 6 7 10 | 10.0
Short Blades   | 1 2 |  2.0
Fighting       | 1 2 4 5 6 |  6.8
Dodging        | 3 4 |  4.9
Stealth        | |  2.4

Action                   |  1- 3 |  4- 6 |  7- 9 | 10-12 || total
-------------------------+-------+-------+-------+-------++-------
Melee: Dagger            |    14 |    29 |       |       ||    43
       Flail             |       |    11 |    69 |    36 ||   116
 Fire: Hunting sling     |       |     3 |       |       ||     3
 Cast: Flame Tongue      |    37 |    70 |   122 |    46 ||   275
       Throw Flame       |    12 |    20 |    37 |    51 ||   120
       Conjure Flame     |     2 |     5 |    18 |     7 ||    32
       Sticky Flame      |       |     6 |    13 |    20 ||    39
       Fireball          |       |       |    11 |    37 ||    48
  Use: Scroll            |       |       |    10 |     2 ||    12
       Potion            |       |       |       |     1 ||     1
 Stab: Sleeping          |     1 |     2 |     1 |     1 ||     5
       Distracted        |       |       |     1 |       ||     1
  Eat: Chunk             |     3 |     8 |    14 |    12 ||    37
       Fruit             |       |     3 |     1 |       ||     4
Armor: Robe              |     3 |    10 |     4 |       ||    17
       Leather armour    |       |       |    23 |    24 ||    47
Dodge: Dodged            |     3 |    28 |    46 |    40 ||   117

Table legend:
 A = Spawn XP
 B = Non-spawn XP
 C = Spawn XP percentage of total XP
 D = Spawn monster count
 E = Non-spawn monster count
 F = Spawn count percentage of total count
 G = Total turns spent on level
                    A         B        C        D         E        F      G
               +---------+---------+-------+---------+---------+-------+---------
         Total |       0 |   14140 |   0.0 |       0 |     241 |   0.0 | 12076
               +---------+---------+-------+---------+---------+-------+---------
           D:1 |       0 |      37 |   0.0 |       0 |      18 |   0.0 |   966
           D:2 |       0 |      61 |   0.0 |       0 |      12 |   0.0 |  1502
           D:3 |       0 |     216 |   0.0 |       0 |      29 |   0.0 |  1185
           D:4 |       0 |     123 |   0.0 |       0 |      11 |   0.0 |  1087
           D:5 |       0 |    1331 |   0.0 |       0 |      20 |   0.0 |  1641
           D:6 |       0 |    1502 |   0.0 |       0 |      20 |   0.0 |   809
           D:7 |       0 |    1843 |   0.0 |       0 |      45 |   0.0 |  1799
           D:8 |       0 |    2677 |   0.0 |       0 |      26 |   0.0 |  1218
           D:9 |       0 |    4848 |   0.0 |       0 |      54 |   0.0 |  1562
          D:10 |       0 |    1502 |   0.0 |       0 |       6 |   0.0 |   203
               +---------+---------+-------+---------+---------+-------+---------
